 Dungeon Crawl Stone Soup version 0.16.1-18-g436b03c (webtiles) character file.

14770 hannobal the Bludgeoner (level 12, -3/133 HPs)
             Began as an Ogre Hunter on May 10, 2015.
             Was an Elder of the Shining One.
             Slain by a blue devil (14 damage)
             ... summoned by an orc high priest
             ... on level 4 of the Orcish Mines.
             The game lasted 01:40:23 (17427 turns).

hannobal the Bludgeoner (Ogre Hunter)              Turns: 17427, Time: 01:40:23

Health: -3/133     AC: -31   Str: 20    XL:     12   Next: 20%
Magic:  27/27      EV: 11    Int: 14    God:    the Shining One [****..]
Gold:   1650       SH:  0    Dex: 10    Spells: 0 memorised, 11 levels left

rFire  . . .     SeeInvis .     a - +0 giant spiked club (freeze)
rCold  . . .     Clarity  .     p - +1 troll leather armour
rNeg   + + .     SustAb   .     (shield restricted)
rPois  .         Gourm    +     (helmet restricted)
rElec  .         Spirit   .     B - +1 cloak
rCorr  .         Warding  .     (gloves unavailable)
rMut   .         Stasis   .     (boots unavailable)
MR     +....                    S - amulet of the gourmand
Stlth  +.........               k - ring of magical power
                                h - ring of stealth

@: corroded equipment, glowing, somewhat resistant to hostile enchantments, very
unstealthy
A: unfitting armour, tough skin 1
a: Divine Shield, Cleansing Flame, Renounce Religion


You were on level 4 of the Orcish Mines.
You worshipped the Shining One.
The Shining One was greatly pleased with you.
You were completely stuffed.

You visited 3 branches of the dungeon, and saw 14 of its levels.

You collected 1650 gold pieces.

Inventory:

Hand weapons
 a - a +0 giant spiked club of freezing (weapon)
 b - a +0 giant spiked club of electrocution
 f - a +2 trident of flaming
 i - the -1 rapier of Eternal Harmony {pierce, rC+}
   (You found it on level 5 of the Dungeon)

   It inflicts extra damage upon your enemies.
   It protects you from cold.
 s - a +0 hunting sling
 A - a +1 whip of electrocution
 H - a +2 mace of holy wrath
 T - a +0 blowgun
 W - a +0 morningstar
 X - a +0 giant spiked club
Missiles
 c - 4 needles of slowing
 d - 34 tomahawks (quivered)
 g - 9 sling bullets
 l - 305 stones
 x - 2 large rocks
 D - 2 throwing nets
 Y - 8 needles of confusion
Armour
 o - a +2 robe of magic resistance
 p - a +1 troll leather armour (worn)
 B - a +1 cloak (worn)
 C - a +2 robe of the Archmagi
 F - a +0 robe of cold resistance
Jewellery
 e - an uncursed ring of teleportation
 h - a ring of stealth (left hand)
 k - a ring of magical power (right hand)
 m - a cursed amulet of resist corrosion
 v - an uncursed ring of sustain abilities
 K - an uncursed amulet of rage
 S - an amulet of the gourmand (around neck)
Magical devices
 M - a wand of hasting (7)
 U - a wand of frost (22)
Scrolls
 j - a scroll of silence
 w - 2 scrolls of magic mapping
 y - a scroll of remove curse
Potions
 t - a potion of heal wounds
 u - 4 potions of curing
 E - a potion of restore abilities
 Q - 2 potions of brilliance
Books
 O - a book of Control

   Spells                             Type                      Level
   a - Control Teleport               Charms/Translocation         4
   b - Control Undead                 Necromancy                   4
   c - Enslavement                    Hexes                        4
   d - Metabolic Englaciation         Hexes/Ice                    5
   e - Mass Confusion                 Hexes                        6
Comestibles
 n - 3 fruits
 q - 11 chunks of flesh
 r - 4 meat rations
 z - 2 beef jerkies
 G - 4 bread rations


   Skills:
 - Level 12.3 Fighting
 - Level 17.5 Maces & Flails
 + Level 7.4 Throwing
 - Level 2.0 Armour
 - Level 5.1 Dodging
 - Level 0.7 Stealth
 - Level 3.4 Invocations


You had 11 spell levels left.
You didn't know any spells.

Dungeon Overview and Level Annotations

Branches:
Dungeon (9/15)             Temple (1/1) D:5             Orc (4/4) D:9
    Elf (0/3) Orc:4
   Lair: D:8-11

Altars:
Ashenzari
Cheibriados
Dithmenos
Elyvilon
Fedhas
Gozag
Kikubaaqudgha
Makhleb
Nemelex Xobeh
Okawaru
Qazlal
Ru
Sif Muna
Trog
Vehumet
Xom
Yredelemnul
Zin
The Shining One
Beogh

Shops:
D:4 [   D:6 %   Orc:3 [

Annotations:
D:6 exclusions: electric eel, 2 plants and 4 more exclusions


Innate Abilities, Weirdness & Mutations

You are too large for most types of armour.
You have tough skin (AC +1).


Message History

Use which ability? (? or * to list)
Okay, then.
Unknown command.
Read which item? (? for menu, Esc to quit)
Okay, then.
Drink which item? (? for menu, Esc to quit)
You feel much better. The blue devil hits you.
* * * LOW HITPOINT WARNING * * *
The orc high priest barely misses you. The rust devil hits you.
* * * LOW HITPOINT WARNING * * *
The rust devil corrodes your equipment! The rust devil hits you!
* * * LOW HITPOINT WARNING * * *
The rust devil corrodes your equipment!
The blue devil swoops through the air toward you!
The blue devil misses you.
The orc high priest invokes the aid of Beogh against you.
Something smites you!
* * * LOW HITPOINT WARNING * * *
The blue devil hits you!
You die...

.###.........###..#
...................#
....................
........((..........
.###....[....###... #.........#
#...)..44o# #....[4...#
#......@..#
############....[###########
........)....(.[)[.........# ##
................[.........######.
..................).[.)...#..##..
...................)...)[#).)..[.
....................))..[)[......
..................).........[...[
................................#


You could see an orc high priest, 2 rust devils and a blue devil.

Vanquished Creatures
  An orc warlord (Orc:4)
  2 orc high priests (Orc:4)
  4 orc knights
  4 orc sorcerers
  3 trolls
  Grinder (D:5)
  Prince Ribbit (D:9)
  A two-headed ogre (D:9)
  A deep elf mage (Orc:4)
  A wraith (D:9)
  3 wargs
  Menkaure (D:7)
  26 orc warriors
  A sky beast (D:6)
  A phantom (D:4)
  13 ogres
  2 centaurs (D:8)
  A big kobold (D:8)
  Blork the orc (D:7)
  3 giant frogs
  A wyvern zombie (D:8)
  5 scorpions
  2 jellies
  6 crimson imps
  2 goliath beetles
  A quasit (D:6)
  A centaur skeleton (D:5)
  A hound (D:4)
  3 iguanas
  32 orc priests
  7 worker ants
  24 orc wizards
  7 adders
  5 gnolls (D:4)
  A worker ant zombie (D:5)
  An orc zombie (Orc:4)
  A giant mite (D:6)
  3 adder skeletons
  7 giant geckos
  218 orcs
  2 ball pythons
  14 bats
  2 bat skeletons
  6 giant cockroaches
  31 hobgoblins
  23 jackals
  4 quokkas
  A giant gecko skeleton (D:4)
  3 giant newts
  29 goblins
  27 kobolds
  21 rats
562 creatures vanquished.

Notes
Turn   | Place    | Note
--------------------------------------------------------------
     0 | D:1      | hannobal, the Ogre Hunter, began the quest for the Orb.
     0 | D:1      | Reached XP level 1. HP: 22/22 MP: 1/1
   241 | D:1      | Reached skill level 1 in Maces & Flails
   299 | D:1      | Reached XP level 2. HP: 13/29 MP: 2/2
   976 | D:1      | Reached XP level 3. HP: 36/36 MP: 3/3
  2402 | D:3      | Reached XP level 4. HP: 26/45 MP: 4/4
  3005 | D:3      | Found a deep blue altar of Sif Muna.
  3005 | D:3      | Found a stormy altar of Qazlal.
  3006 | D:3      | Found a shadowy altar of Dithmenos.
  3055 | D:3      | Found an iron altar of Okawaru.
  3392 | D:4      | Reached skill level 5 in Throwing
  3392 | D:4      | Reached XP level 5. HP: 15/53 MP: 5/5
  3808 | D:4      | Found Graph's Antique Armour Boutique.
  3809 | D:4      | Noticed a phantom
  3825 | D:4      | Killed a phantom
  3825 | D:4      | Reached skill level 6 in Maces & Flails
  3825 | D:4      | Reached XP level 6. HP: 36/61 MP: 6/6
  4515 | D:4      | Reached skill level 7 in Maces & Flails
  5047 | D:4      | Reached skill level 8 in Maces & Flails
  5050 | D:4      | Reached XP level 7. HP: 40/67 MP: 7/7
  6033 | D:5      | Entered Level 5 of the Dungeon
  6078 | D:5      | Got an ancient rapier
  6079 | D:5      | Identified the cursed -1 rapier of Eternal Harmony {pierce, rC+} (You found it on level 5 of the Dungeon)
  6122 | D:5      | Found an ancient bone altar of Kikubaaqudgha.
  6139 | D:5      | Reached skill level 9 in Maces & Flails
  6489 | D:5      | Noticed Grinder
  6523 | D:5      | Paralysed by Grinder for 7 turns
  6539 | D:5      | Killed Grinder
  6539 | D:5      | Reached skill level 10 in Maces & Flails
  6539 | D:5      | Reached XP level 8. HP: 17/75 MP: 8/8
  6807 | D:5      | Found a staircase to the Ecumenical Temple.
  6821 | Temple   | Entered the Ecumenical Temple
  6895 | Temple   | Became a worshipper of Elyvilon the Healer
  7062 | D:5      | Reached skill level 11 in Maces & Flails
  7922 | D:6      | Reached skill level 12 in Maces & Flails
  8134 | D:6      | Found Gamn's Food Shop.
  8550 | D:6      | Reached skill level 13 in Maces & Flails
  8860 | D:6      | Found a radiant altar of Vehumet.
  8999 | D:5      | Reached XP level 9. HP: 71/83 MP: 9/9
  9185 | Temple   | Fell from the grace of Elyvilon
  9185 | Temple   | Became a worshipper of the Shining One
  9511 | D:7      | Noticed Blork the orc
  9532 | D:7      | Killed Blork the orc
  9583 | D:7      | Noticed a troll
  9598 | D:7      | Killed a troll
  9598 | D:7      | Reached skill level 14 in Maces & Flails
  9688 | D:7      | Reached skill level 1 in Armour
  9763 | D:7      | Reached skill level 1 in Invocations
  9814 | D:7      | Found an opulent altar of Gozag.
  9816 | D:7      | Noticed Menkaure
  9823 | D:7      | Killed Menkaure
 10593 | D:8      | Reached skill level 15 in Maces & Flails
 11117 | D:8      | Acquired the Shining One's first power
 11152 | D:9      | Reached XP level 10. HP: 94/94 MP: 12/12
 11276 | D:9      | Reached skill level 16 in Maces & Flails
 11544 | D:9      | Reached skill level 5 in Fighting
 11683 | D:9      | Found a staircase to the Orcish Mines.
 11889 | Orc:1    | Entered Level 1 of the Orcish Mines
 11892 | Orc:1    | Noticed Prince Ribbit
 12162 | D:9      | Found a staircase to the Orcish Mines.
 12506 | D:9      | Killed Prince Ribbit
 12980 | Orc:2    | Noticed an orc knight
 13219 | Orc:1    | Killed an orc knight
 13913 | Orc:2    | Reached skill level 10 in Fighting
 14329 | Orc:3    | Acquired the Shining One's second power
 14509 | Orc:3    | Found a roughly hewn altar of Beogh.
 14607 | Orc:3    | Reached XP level 11. HP: 112/117 MP: 13/13
 14700 | Orc:3    | Found Xojakasi's Armour Emporium.
 14724 | Orc:3    | Noticed an orc sorcerer
 14732 | Orc:3    | Killed an orc sorcerer
 14732 | Orc:3    | Reached skill level 17 in Maces & Flails
 15056 | Orc:4    | Entered Level 4 of the Orcish Mines
 15142 | Orc:4    | Noticed a soul eater
 15196 | Orc:4    | Found a staircase to the Elven Halls.
 16373 | Orc:4    | Noticed an orc knight
 16398 | Orc:4    | Killed an orc knight
 16398 | Orc:4    | Reached skill level 5 in Dodging
 16487 | Orc:4    | Noticed a soul eater
 16540 | Orc:4    | Noticed an orc warlord
 16564 | Orc:4    | Killed an orc warlord
 16675 | Orc:4    | Noticed an orc high priest
 16692 | Orc:4    | Killed an orc high priest
 16790 | Orc:4    | Noticed an orc high priest
 16855 | Orc:4    | Killed an orc high priest
 16982 | Orc:4    | Acquired the Shining One's third power
 17016 | Orc:4    | Reached XP level 12. HP: 124/133 MP: 15/15
 17062 | Orc:4    | Noticed an orc knight
 17103 | Orc:4    | Killed an orc knight
 17159 | Orc:4    | Noticed an orc knight
 17178 | Orc:4    | Killed an orc knight
 17411 | Orc:4    | Noticed an orc high priest
 17427 | Orc:4    | Slain by a blue devil

Action                   |  1- 3 |  4- 6 |  7- 9 | 10-12 || total
-------------------------+-------+-------+-------+-------++-------
Melee: Whip              |   206 |       |       |       ||   206
       Short sword       |     6 |       |       |       ||     6
       Trident           |     8 |       |     4 |       ||    12
       Flail             |       |   111 |       |       ||   111
       Mace              |       |    15 |       |       ||    15
       Morningstar       |       |    19 |   203 |       ||   222
       Giant spiked club |       |       |   160 |   559 ||   719
Throw: Large rock        |     8 |    18 |    34 |    27 ||    87
       Stone             |       |     5 |    36 |       ||    41
       Throwing net      |       |       |     3 |       ||     3
       Tomahawk          |       |       |    10 |    93 ||   103
 Abil: Evoke Berserk Rag |       |       |     2 |       ||     2
  Use: Potion            |     8 |     1 |     1 |     4 ||    14
       Scroll            |     3 |     8 |    10 |     6 ||    27
 Stab: Sleeping          |     2 |     5 |     7 |       ||    14
       Distracted        |       |       |     3 |       ||     3
  Eat: Chunk             |     5 |     9 |    18 |    35 ||    67
       Fruit             |       |       |     3 |       ||     3
